 Dungeon Crawl Stone Soup version 0.29-a0-40-g8eb35efe60 (webtiles) character file.

Game seed: 2975371165655448565

71 porpoise the Skirmisher (level 4, -2/35 HPs)
             Began as a Demonspawn Warper on Feb 2, 2022.
             Was a High Priest of Ignis.
             Slain by an orc wizard (18 damage)
             ... on level 3 of the Dungeon.
             The game lasted 00:07:48 (2248 turns).

porpoise the Skirmisher (Demonspawn Warper)         Turns: 2248, Time: 00:07:48

Health: -2/35      AC:  6    Str: 13    XL:     4   Next: 5%
Magic:  7/7        EV: 12    Int: 15    God:    Ignis [*****.]
Gold:   116        SH:  0    Dex: 12    Spells: 5/7 levels left

rFire   + . .      SeeInvis .   a - +1 spear (vorpal)
rCold   . . .      Faith    .   (no shield)
rNeg    . . .      Spirit   .   n - +0 ring mail
rPois   .          Reflect  .   m - +0 helmet
rElec   .          Harm     .   (no cloak)
rCorr   .          Rampage  .   (no gloves)
Will    .....                   (no boots)
Stlth   +.........              (no amulet)
HPRegen 0.11/turn               (no ring)
MPRegen 0.10/turn               (no ring)

@: no status effects
A: hooves 1, repulsion field 1
a: Renounce Religion, Fiery Armour, Foxfire Swarm, Rising Flame


You were on level 3 of the Dungeon.
You worshipped Ignis.
Ignis was extremely pleased with you.
You visited 1 branch of the dungeon, and saw 3 of its levels.

You collected 116 gold pieces.

Inventory:

Hand Weapons
 a - a +1 vorpal spear (weapon)
 p - a +1 antimagic spear
Missiles
 d - 5 boomerangs of dispersal (quivered)
 e - 20 arrows
 i - 71 stones
Armour
 m - a +0 helmet (worn)
 n - a +0 ring mail (worn)
Wands
 l - a wand of acid (4)
Scrolls
 b - a scroll of teleportation {unknown}
 c - a scroll of blinking
 f - a scroll of enchant armour {unknown}
 o - a scroll of magic mapping {unknown}
Potions
 g - 4 potions of curing {unknown}
 h - a potion of degeneration {unknown}
 j - a potion of flight {unknown}
 k - a potion of ambrosia {unknown}


   Skills:
 + Level 3.2 Fighting
 - Level 2.0 Polearms
 - Level 0.8 Throwing
 - Level 0.8 Armour
 + Level 1.7 Dodging
 - Level 2.4 Stealth
 - Level 2.0 Spellcasting
 - Level 2.6 Translocations


You had 5 spell levels left.
You knew the following spells:

 Your Spells              Type           Power      Damage    Failure   Level
a - Blink                 Tloc           18%        N/A       24%         2

Your spell library contained the following spells:

 Spells                   Type           Power      Damage    Failure   Level
 Gell's Gravitas          Tloc           9%         N/A       43%         3
 Lesser Beckoning         Tloc           9%         N/A       43%         3
 Teleport Other           Tloc           9%         N/A       43%         3
 Frozen Ramparts          Ice            2%         1d2       80%         3
 Ice Form                 Ice/Tmut       1%         N/A       99%         4
 Summon Ice Beast         Ice/Summ       1%         N/A       99%         4
 Manifold Assault         Tloc           9%         N/A       99%         5


Dungeon Overview and Level Annotations

Branches:
Dungeon (3/15)

Altars:
Okawaru
Ignis


Innate Abilities, Weirdness & Mutations

You have large cloven feet.
You are surrounded by a mild repulsion field. (EV +2)


Message History

Where to? (? - help)
There is a stone staircase leading down here.
You climb downwards.
Found a club, a book of Rime and a whip.
There is a stone staircase leading up here.
Found a stone staircase leading down.
You pick up a book of Rime and begin reading...
You add the spells Frozen Ramparts, Ice Form and Summon Ice Beast to your library.
Okay, then.
Unknown command.
You see here a +0 whip.
Found a stone staircase leading down.
Found a glowing hand axe and a falchion.
Found an iron altar of Okawaru.
An orc wizard comes into view.
It is wielding a +0 dagger of electrocution.
Found a mace.
Found a spear.
The orc wizard shouts!
You hear a shout!
An orc wizard comes into view. It is wielding a +0 dagger.
You reach to attack!
You closely miss the orc wizard. You miss the orc wizard.
Your kick misses the orc wizard.
The orc wizard hits you with a +0 dagger of electrocution.
You hit the orc wizard. Your kick misses the orc wizard.
The orc wizard is moderately wounded.
The orc wizard casts a spell.
The orc wizard flickers and vanishes!
Deactivating autopickup; reactivate with Ctrl-A.
No target in view!
No target in view!
You closely miss something. Something hits you but does no damage.
You hit something. Your kick misses something.
Something hits you but does no damage.
You miss something. Your kick misses something. Something hits you.
You barely miss something. Something hits you.
You closely miss something. Something hits you but does no damage.
You miss something. You kick something. Something hits you but does no damage.
You hit something. Something hits you.
You are electrocuted!
You barely miss something. Something hits you.
You are electrocuted!!
Ouch! That really hurt!
You die...

#)<#......##...###...
#...#.......#..........
#.###....#.....#.).).#
# #..#.).#..##.._..#
#..###.....#.).).#.
#..# ##............
...# #......###...
..### ###{#...# ..#
#@##?..... ..# #.#
...... #.. .o.....
####....... o......
....


There were no monsters in sight!

Vanquished Creatures
  Natasha (D:2)
  A dart slug (D:2)
  3 bats (D:1)
  5 endoplasms
  2 goblins
  6 hobgoblins
  3 jackals (D:2)
  6 kobolds
  A quokka (D:2)
  4 ball pythons
  A frilled lizard (D:1)
  9 rats
42 creatures vanquished.

Notes
Turn   | Place    | Note
-------+----------+-------------------------------------------
     0 | D:1      | porpoise the Demonspawn Warper began the quest for the Orb.
     0 | D:1      | Reached XP level 1. HP: 16/16 MP: 3/3
   585 | D:1      | Gained mutation: You have large cloven feet. [demonic
                  | ancestry]
   585 | D:1      | Reached XP level 2. HP: 11/22 MP: 5/5
   776 | D:1      | Reached skill level 1 in Stealth
   777 | D:1      | Found a faded altar of an unknown god.
   884 | D:1      | Prayed at the altar of an unknown god.
   884 | D:1      | Became a worshipper of Ignis, the Dying Flame
   955 | D:1      | Learned a level 2 spell: Blink
  1407 | D:2      | Reached XP level 3. HP: 21/28 MP: 6/6
  1932 | D:2      | Reached skill level 3 in Fighting
  2006 | D:2      | Noticed Natasha
  2011 | D:2      | Killed Natasha
  2012 | D:2      | Gained mutation: You are surrounded by a mild repulsion
                  | field. (EV +2) [demonic ancestry]
  2012 | D:2      | Reached XP level 4. HP: 28/35 MP: 7/7
  2228 | D:3      | Found an iron altar of Okawaru.
  2248 | D:3      | Slain by an orc wizard

Illustrated notes

Levels and vault maps discovered:
D:1:      saegor_arrival_simple_e, layout_basic,
          chequers_ecumenical_altar_island, minmay_misc_feat_enclosed,
          minivault_5, minmay_misc_feat_hallway
D:2:      layout_loops_ring, minmay_strange_pillars, uniq_natasha
D:3:      layout_rooms, nzn_wu_jian_contemplation,
          lemuel_coloured_pillars_altar, okawaru_ov_weapons_minmay,
          serial_shops, nicolae_shop_behind_doors, minivault_5

Skill      XL: |  1  2  3 |
---------------+----------+-----
Polearms       | 2 |  2.0
Stealth        | 1 2 |  2.4
Fighting       | 3 |  3.2
Throwing       | |  0.8
Armour         | |  0.8
Dodging        | |  1.7
Spellcasting   | |  2.0
Translocations | |  2.6

Action                   |  1- 3 |  4- 6 || total
-------------------------+-------+-------++-------
Melee: Spear             |   131 |    11 ||   142
       Kick              |    14 |     1 ||    15
Armor: Leather armour    |    19 |       ||    19
       Ring mail         |     9 |     4 ||    13
Dodge: Dodged            |    46 |       ||    46

Table legend: (Time is in decaauts)
 A = Elapsed time spent in this place.
 B = Non-inter-level travel time spent in this place.
 C = Inter-level travel time spent in this place.
 D = Time resting spent in this place.
 E = Time spent auto-exploring this place.
 F = Levels seen in this place.
 G = Mean time per level.
                   A        B        C        D        E       F      G
               +--------+--------+--------+--------+--------+-----+--------+
         Total |   2257 |   2212 |     45 |    721 |   1091 |   3 |  752.3 |
       Dungeon |   2257 |   2212 |     45 |    721 |   1091 |   3 |  752.3 |
               +--------+--------+--------+--------+--------+-----+--------+

Top non-repeatable levels by time:
     D:1: 1313 daAuts
     D:2: 912 daAuts
     D:3: 31 daAuts
